woodfighter, chaotic female orcish Cavewoman ---- --- ----- |..--- ---.---- --...| |....| ---....|.----- ---- | |...*--------------...| |.........--.---..----..| --................)...--- |........).%............| ------------------.....| ---- ---....>.............-- | --....---......|---..| ----|...................| --.............%--....-- |..--.--...............-- |.....................[---.%...|---..............- |........................%.|.--- ---.............| |.....---......--...%.----.|.-- |..---........| --....| |..--------%.-| |....------------........| --..-| ---- |...| ---....@q.))))..........-- --..| ---)--------------------.......| --..-- |...|..-- .......-- |....| ---.....| ......... --...| |......| %...|.....| ----- --.--.-- --.---.---- ------ -- --- woodfighter the Young Cave Woman Experience level: 9 Strength: 18 Dexterity: 15 Constitution: 18 Intelligence: 8 Wisdom: 10 Charisma: 8 Health: 0(65) Energy: 36(36) Def: 11 Gold: 0 Moves: 9053 Dungeon seed: _rHD1F20vgu4UAc4 Game ID: woodfighter_1486034262 Your Inventory: Weapons b - a +0 dwarvish spear (weapon in hand) n - 19 +0 darts (in quiver) Armor e - an uncursed +1 dwarvish cloak (being worn) p - an uncursed +0 helmet (being worn) q - an uncursed +0 dwarvish cloak r - an uncursed +0 dwarvish cloak t - a blessed +0 small shield (being worn) z - an uncursed +0 pair of speed boots (being worn) K - an uncursed +0 pair of leather gloves (being worn) M - an uncursed +0 dwarvish mithril-coat (being worn) Comestibles f - an uncursed tin of fox meat k - 2 uncursed fortune cookies w - an uncursed tin of rothe meat H - an uncursed partly eaten tripe ration I - 3 uncursed mangos R - 2 uncursed food rations Wands x - a wand of digging (0:3) A - a wand of striking (0:2) X - a wand of make invisible (0:3) Tools c - an uncursed towel s - an uncursed bag of holding y - an uncursed skeleton key D - a +0 unicorn horn E - a +0 unicorn horn F - a magic marker (0:62) G - an uncursed stethoscope J - a blessed can of grease (0:23) L - an uncursed tallow candle (0:200) Contents of the bag of holding: 2 uncursed [+0] dwarvish spears an uncursed +0 mummy wrapping an uncursed sprig of wolfsbane an uncursed [+0] pick-axe Spells and supernatural/magical abilities: Name Level Category Fail Memory W - pray for help -- divine ? -- Your skills at the end: Miscellaneous Skills bare handed combat [Basic] shield [Basic] stealth [Basic] Weapon Skills scimitar [Basic] club [Basic] spear [Basic] sling [Basic] Spellcasting Skills Final Attributes: You were fervently aligned. You were fire resistant. You were poison resistant. Your writing hand was cramped from overuse. You were telepathic. You had infravision. You were very stealthy. You were very fast. You are dead. Vanquished creatures: a watch captain 2 giant mimics a large cat 4 watchmen a giant spider 5 gnome kings a housecat a dwarf lord a white unicorn a gray unicorn 4 apes 4 fire ants an imp 2 rock piercers a pony 3 fog clouds a shrieker 8 gnome lords 6 gnomish wizards 2 kobold mummies a red naga hatchling 2 black naga hatchlings 2 golden naga hatchlings 3 guardian naga hatchlings a gray ooze 4 elf zombies 2 straw golems a paper golem a giant ant 3 floating eyes 3 kittens 9 dwarves a kobold lord 2 kobold shamans 6 iguanas a rothe 2 rabid rats a jitterbug 2 monkeys 2 orc zombies 4 dwarf zombies 2 wererats a werejackal 3 coyotes 2 gas spores 6 hobbits an acid blob 3 large kobolds 5 geckos a hobgoblin 5 giant rats 2 cave spiders a brown mold 2 yellow molds a green mold a red mold 39 gnomes 7 garter snakes 16 jackals 2 foxes 3 kobolds 16 newts 2 goblins 13 sewer rats 10 grid bugs 9 lichens 2 kobold zombies 258 creatures vanquished. Voluntary challenges: You did not cause conflict. You were not invisible. You did not have reflection. You were not displaced. You had been an atheist until turn 2706. You used a wielded weapon 443 times, starting on turn 62. You did not apply a unicorn horn. You did not use plumbed fixtures. You did not drink any magical draughts. You read items or engraved 9 times, starting on turn 2705. You never genocided any monsters. You never polymorphed an object. You never changed form. You completed Sokoban on turn 6260, according to the rules. You used no wishes. You never split a pudding. You never wrote Elbereth's name. You violated your moral code, losing 15 points of alignment, starting on turn 8045. Dungeon overview: The Dungeons of Doom: levels 1 to 7 Level 1 a long staircase Level 2 a fountain stairs to The Gnomish Mines Level 3 a sink Level 4 (locked box) Level 5 many fountains Level 6 (locked bx, vault) stairs to Sokoban Level 7 The Gnomish Mines: levels 3 to 9 Level 3 stairs to The Dungeons of Doom Level 4 Level 5 Level 6 many shops, a temple to Anshar, a magic chest, some fountains Level 7 Level 8 <- You were here Level 9 Sokoban: levels 2 to 5 Level 2 a magic chest Level 3 a delicatessen, a magic chest Level 4 Level 5 an altar to Moloch, a magic chest stairs to The Dungeons of Doom History has recorded: On T:1 you entered the Dungeons of Doom to retrieve the Amulet of Yendor! On T:143 you reached level 2 of The Dungeons of Doom. On T:619 you reached level 1 of The Gnomish Mines. On T:745 you reached level 3 of The Dungeons of Doom. On T:868 you advanced to experience level 2. On T:1111 you reached level 4 of The Dungeons of Doom. On T:1322 you reached level 5 of The Dungeons of Doom. On T:1439 you advanced to experience level 3. On T:1753 you advanced to experience level 4. On T:1886 you advanced to experience level 5. On T:1990 you reached level 6 of The Dungeons of Doom. On T:2180 you reached level 7 of The Dungeons of Doom. On T:2320 you reached level 4 of Sokoban. On T:2702 you opened a magic chest. On T:2948 you reached level 3 of Sokoban. On T:3692 you advanced to experience level 6. On T:3700 you reached level 2 of Sokoban. On T:4298 you reached level 1 of Sokoban. On T:5509 you prayed to Anshar. On T:5513 you advanced to experience level 7. On T:6260 you advanced to experience level 8. On T:6260 you entered the Sokoban zoo. On T:6752 you reached level 2 of The Gnomish Mines. On T:6757 you reached level 3 of The Gnomish Mines. On T:7423 you reached level 4 of The Gnomish Mines. On T:7956 you entered the Minetown temple On T:8114 you prayed to Anshar. On T:8606 you prayed to Anshar. On T:8718 you reached level 5 of The Gnomish Mines. On T:8826 you advanced to experience level 9. On T:8936 you reached level 6 of The Gnomish Mines. On T:8950 you reached level 7 of The Gnomish Mines. Score breakdown: Gold: 0 ( 0 points) Experience: 9 levels ( 800 points) Exploration: 9 levels ( 240 points) Discoveries: 19 items ( 950 points) Variety of kills: 67 monsters ( 2000 points) Major goal: finished Sokoban ( 1000 points) Survival: died (score multiplied by 3) Total score: 14970 Latest messages: You jab the gnome. You kill the gnome! r - a dwarvish cloak. L - a tallow candle. There are a few more objects here. There are a few objects here. You kill the gnome! There are several objects here. You jab the gnome! You kill the gnome! There are a few objects here. The dart misses the leocrotta. The dart hits the leocrotta. The dart misses the leocrotta. The dart misses the leocrotta. The dart hits the leocrotta. You jab the leocrotta. The leocrotta claws you! The leocrotta bites! The leocrotta claws you! You die... Final status: Goodbye woodfighter the Cavewoman, killed by a leocrotta... You died in The Gnomish Mines on dungeon level 8 with 14970 points, and 0 pieces of gold, after 9053 moves. You were level 9 with a maximum of 65 hit points when you died.